 Dungeon Crawl Stone Soup version 0.26.0-16-gc1dbca0489 (webtiles) character file.

Game seed: 12018354704486488252

44 kaeus the Cutter (level 3, -1/24 HPs)
             Began as a Kobold Berserker on Jan 20, 2021.
             Was a Follower of Trog.
             Slain by an adder (3 damage)
             ... on level 2 of the Dungeon.
             The game lasted 00:01:57 (1841 turns).

kaeus the Cutter (Kobold Berserker)                 Turns: 1841, Time: 00:01:58

Health: -1/24      AC:  2    Str: 14    XL:     3   Next: 87%
Magic:  3/3        EV: 16    Int:  8    God:    Trog [*.....]
Gold:   60         SH:  0    Dex: 15    Spells: 2/2 levels left

rFire    . . .     SeeInvis .   a - +0 short sword
rCold    . . .     Faith    .   (shield restricted)
rNeg     . . .     Spirit   .   b - +0 animal skin
rPois    .         Reflect  .   (no helmet)
rElec    .         Harm     .   (no cloak)
rCorr    .         Rampage  .   (no gloves)
Will     .....                  (no boots)
Stlth    +++.......             (no amulet)
HPRegen  0.08/turn              (no ring)
MPRegen  0.08/turn              (no ring)

@: brilliant, lethally poisoned (-1 -> -4)
A: small, nightstalker 3
a: Renounce Religion, Berserk


You were on level 2 of the Dungeon.
You worshipped Trog.
Trog was aware of your devotion.
You visited 1 branch of the dungeon, and saw 2 of its levels.

You collected 60 gold pieces.

Inventory:

Hand Weapons
 a - a +0 short sword (weapon)
Armour
 b - a +0 animal skin (worn)
Jewellery
 q - an uncursed ring of wizardry {unknown}
Scrolls
 d - 2 scrolls of remove curse {unknown}
 g - a scroll of amnesia {unknown}
 i - 3 scrolls of identify {unknown}
 k - 4 scrolls of magic mapping {unknown}
 m - a scroll of enchant weapon {unknown}
 n - a scroll of enchant armour {unknown}
 p - a scroll of fog {unknown}
Potions
 c - a potion of attraction {unknown}
 e - a potion of brilliance
 f - a potion of might {unknown}
 h - 2 potions of heal wounds {unknown}
 j - a potion of degeneration {unknown}
 l - a potion of ambrosia {unknown}
 o - a potion of haste {unknown}


   Skills:
 + Level 3.8 Fighting
 + Level 4.5 Short Blades
 - Level 1.9 Armour
 + Level 3.1 Dodging
 + Level 1.3 Stealth


You had 2 spell levels left.
You didn't know any spells.
Your spell library was empty.

Dungeon Overview and Level Annotations

Branches:
Dungeon (2/15)

Altars:


Innate Abilities, Weirdness & Mutations

You are small and have problems with some larger weapons.
You are completely attuned to the shadows.


Message History

You closely miss the adder.
You feel sick. The adder closely misses you.
You completely miss the adder. The adder misses you.
You barely miss the adder. The adder bites you.
You miss the adder. The adder barely misses you.
You hit the adder but do no damage.
You feel sick. The adder closely misses you.
You hit the adder but do no damage. The adder bites you.
* * * LOW HITPOINT WARNING * * *
You hit the adder.
The adder is lightly wounded.
The adder bites you.
* * * LOW HITPOINT WARNING * * *
The adder barely misses you.
You barely miss the adder.
The adder is lightly wounded.
The adder closely misses you.
It was a potion of brilliance.
You feel clever all of a sudden. The adder bites you.
You die...

## #. #. #. .... #.
.... #. .... #.
...S############ #.
....@..........# #.
...............# ##
...............######
........†............
$.#..................
#............^.....
#..................
#..................
####.#######........


You could see an adder.

Vanquished Creatures
  A gnoll (D:1)
  An adder (D:2)
  A leopard gecko (D:2)
  A giant cockroach (D:2)
  4 goblins (D:1)
  2 hobgoblins
  2 jackals (D:1)
  2 bats
  3 frilled lizards
  2 kobolds (D:1)
  8 rats
27 creatures vanquished.

Notes
Turn   | Place    | Note
-------+----------+-------------------------------------------
     0 | D:1      | kaeus the Kobold Berserker began the quest for the Orb.
     0 | D:1      | Reached XP level 1. HP: 14/14 MP: 1/1
    56 | D:1      | Reached XP level 2. HP: 8/19 MP: 2/2
   718 | D:1      | Reached XP level 3. HP: 16/23 MP: 3/3
  1431 | D:2      | Reached skill level 1 in Stealth
  1841 | D:2      | Slain by an adder

Illustrated notes

Levels and vault maps discovered:
D:1:      eino_arrival_cavern_d, layout_basic, minmay_hexomino_u4
D:2:      kennysheep_the_goblin_king, layout_basic

Skill      XL: |  1  2  3 |
---------------+----------+-----
Dodging        | 3 |  3.1
Stealth        | 1 |  1.3
Fighting       | |  3.8
Short Blades   | |  4.5
Armour         | |  1.9

Action                   || total
-------------------------++-------
Melee: Short sword       ||    59
  Use: Potion            ||     1
 Stab: Sleeping          ||    16
Armor: Animal skin       ||     3
Dodge: Dodged            ||    28
